Sénateurs vs Sabres
(R1)
Created - 23 février 2015 at 19:04
Goals
|
| Sénateurs |
2 |
1 |
3 |
0 |
0 |
6 |
| Sabres |
3 |
1 |
2 |
0 |
1 |
7 |
|
Shots
|
| Sénateurs |
13 |
7 |
17 |
0 |
3 |
37 |
| Sabres |
11 |
11 |
16 |
2 |
2 |
40 |
|
1st period
1. Sénateurs , B.J. Crombeen 16 (Vitaly Vishnevsky, Darcy Hordichuk) at 2:34
2. Sabres , Tomas Kopecky 13 (Jiri Hudler, Joni Pitkanen) at 3:21
3. Sénateurs , Kurtis Foster 6 (Jean-Pierre Dumont, Gilbert Brule) at 7:52 (PP)
4. Sabres , Mike Fisher 11 (Steve Downie, Tyler Sloan) at 12:57 (SH)
5. Sabres , Tomas Kopecky 14 (Viktor Kozlov) at 15:05
Penalties :
Nicklas Lidstrom (Buf) for Holding (Minor) at 7:18, Kurtis Foster (Ott) for Tripping (Minor) at 10:01, Kyle Calder (Buf) for High sticking (Minor) at 12:22, Carlo Colaiacovo (Ott) for High sticking (Minor) at 18:22
2nd period
6. Sabres , James Neal 24 (Derick Brassard, Richard Lintner) at 4:52
7. Sénateurs , Jean-Pierre Dumont 21 (Gilbert Brule, Dan Girardi) at 13:10
Penalties :
B.J. Crombeen (Ott) for Tripping (Minor) at 6:33, Dan Hamhuis (Ott) for Hooking (Minor) at 17:32, B.J. Crombeen (Ott) for Tripping (Minor) at 19:56
3rd period
8. Sénateurs , Daymond Langkow 18 (Carlo Colaiacovo, Brenden Morrow) at 1:54 (SH)
9. Sabres , Mike Fisher 12 (Todd White, Nicklas Lidstrom) at 10:15
10. Sénateurs , Darcy Hordichuk 24 (Andy McDonald) at 13:20 (SH)
11. Sabres , Ole-Kristian Tollefsen 6 (Niclas Bergfors, Derick Brassard) at 15:25 (PP)
12. Sénateurs , Todd Bertuzzi 16 (Brenden Morrow, Dan Hamhuis) at 19:54
Penalties :
Kurtis Foster (Ott) for Charging (Minor) at 0:21, B.J. Crombeen (Ott) for Tripping (Minor) at 6:43, Jean-Pierre Dumont (Ott) for Hooking (Minor) at 12:44, Kurtis Foster (Ott) for Hooking (Minor) at 13:58
Overtime #1
No Goal
Penalties :
No Penalty
Shootout
Penalty Shot by Brenden Morrow for Sénateurs - Stopped by Evgeni Nabokov
Penalty Shot by Nicklas Lidstrom for Sabres - Shot Misses the Net
Penalty Shot by Daymond Langkow for Sénateurs - Stopped by Evgeni Nabokov
Penalty Shot by Niclas Bergfors for Sabres - Goal!
Penalty Shot by Andy McDonald for Sénateurs - Stopped by Evgeni Nabokov
Penalties :
No Penalty
Goalie Stats
Jeff Deslauriers (Ott), 22 saves from 24 shots - (0,917), OTL, 9-9-2, 39:22 minutes
Ondrej Pavelec (Ott), 12 saves from 16 shots - (0,750), 24:52 minutes
Evgeni Nabokov (Buf), 31 saves from 37 shots - (0,838), W, 21-25-5, 65:00 minutes
Players Stats for Sénateurs
Player Name G A P +/- PIM S H SB GA TA FO MP PP MP PK MP
------------------------------------------------------------------------------------
Andrew Ebbett 0 0 0 -1 0 0 0 0 0 0 2/5 8:54 0:00 0:00
Andy Hilbert 0 0 0 -1 0 1 1 0 0 0 0/0 9:49 0:00 2:56
Andy McDonald 0 1 1 1 0 3 0 0 1 0 0/1 20:33 1:08 4:03
B.J. Crombeen 1 0 1 -1 6 4 2 0 0 0 0/0 9:37 0:00 0:23
Brenden Morrow 0 2 2 0 0 6 0 0 0 1 7/23 27:33 1:25 9:34
Carlo Colaiacovo 0 1 1 2 2 0 2 2 0 0 0/0 21:16 0:45 4:43
Dan Girardi 0 1 1 0 0 1 1 4 0 0 0/0 15:51 0:00 5:14
Dan Hamhuis 0 1 1 2 2 4 1 0 0 0 0/0 20:05 0:45 3:53
Darcy Hordichuk 1 1 2 0 0 1 1 0 1 0 0/0 11:52 0:00 2:53
Daymond Langkow 1 0 1 1 0 5 0 0 1 1 14/25 25:22 1:25 7:10
Gilbert Brule 0 2 2 0 0 3 1 0 0 0 9/20 15:05 1:08 0:00
Jean-Pierre Dumont 1 1 2 0 2 2 1 1 1 1 0/0 15:46 1:08 0:42
Kurtis Foster 1 0 1 -2 6 1 0 4 2 0 0/0 29:46 1:48 6:13
Nikita Alexeev 0 0 0 -1 0 2 1 0 0 0 0/0 6:14 0:00 0:00
Sami Salo 0 0 0 0 0 0 1 1 1 0 0/0 10:14 0:00 0:00
Todd Bertuzzi 1 0 1 0 0 3 2 2 0 1 0/1 15:14 1:25 0:00
Vernon Fiddler 0 0 0 -1 0 0 0 1 0 0 0/3 6:14 0:00 0:00
Vitaly Vishnevsky 0 1 1 -2 0 1 1 2 1 2 0/0 33:07 1:48 9:55
Players Stats for Sabres
Player Name G A P +/- PIM S H SB GA TA FO MP PP MP PK MP
------------------------------------------------------------------------------------
Antoine Roussel 0 0 0 2 0 2 4 0 0 0 0/1 12:55 1:14 0:00
Derick Brassard 0 2 2 -1 0 5 1 2 0 0 19/36 24:34 8:45 0:00
James Neal 1 0 1 0 0 2 1 0 0 0 0/0 22:07 8:31 0:00
Jiri Hudler 0 1 1 0 0 1 1 1 1 1 12/18 18:23 5:50 0:00
Joni Pitkanen 0 1 1 1 0 2 0 1 1 1 0/0 8:51 1:33 1:19
Kyle Calder 0 0 0 -1 2 0 0 0 0 0 0/0 6:47 0:00 0:00
Michael Kostka 0 0 0 1 0 1 0 0 0 0 0/0 21:53 5:24 0:00
Mike Fisher 2 0 2 0 0 5 1 0 0 0 3/5 6:43 0:00 0:46
Nicklas Lidstrom 0 1 1 -3 2 0 3 1 1 0 0/0 32:42 10:50 0:00
Niclas Bergfors 0 1 1 -1 0 5 1 2 1 1 3/3 24:43 8:53 0:00
Ole-Kristian Tollefsen 1 0 1 -4 0 3 0 4 1 1 0/0 32:32 9:36 1:19
Richard Lintner 0 1 1 4 0 3 1 1 0 2 0/0 20:38 2:37 1:14
Ryan Hollweg 0 0 0 -1 0 1 1 2 0 0 1/1 18:55 5:35 0:00
Steve Downie 0 1 1 0 0 2 0 0 1 0 0/1 20:15 5:47 0:46
Todd White 0 1 1 -2 0 1 2 0 0 0 0/0 8:44 0:00 1:41
Tomas Kopecky 2 0 2 2 0 4 1 0 0 0 0/1 10:28 0:25 0:09
Tyler Sloan 0 1 1 1 0 0 0 0 0 1 0/0 12:32 0:00 1:14
Viktor Kozlov 0 1 1 1 0 3 1 0 0 1 8/12 13:43 0:00 1:44
3 Stars
1 - Tomas Kopecky (Buf)
2 - Mike Fisher (Buf)
3 - Richard Lintner (Buf)
Power Play
Sénateurs - 1 on 2 Attempt(s) - 50,00%
Sabres - 1 on 9 Attempt(s) - 11,11%
Penalty Kill
Sénateurs - 8 on 9 Attempt(s) - 88,89%
- Score 2 goal in Penalty Kill
Sabres - 1 on 2 Attempt(s) - 50,00%
- Score 1 goal in Penalty Kill
Team Stat
Sénateurs - Hits : 15 - Faceoff Wins : 32 - Blocked Shots : 17 - Penalty Minutes : 18
Sabres - Hits : 18 - Faceoff Wins : 46 - Blocked Shots : 14 - Penalty Minutes : 4
Official
Referees : Devorski Paul and Sutherland Kelly
Linesman : Dan Schachte and Derek Amell
Game Notes
Joni Pitkanen is injured at 1:11 of 2nd period (Broken Bone (Left Ankle))
Jeff Deslauriers enters game at 4:52 of 2nd period
19:54 of 3rd period - Sénateurs goal is going for a video replay. After video review, Goal.
Finance
Level 1 -- Attendance: 5147 (85,78%) -- Ticket Income 442 642 $
Level 2 -- Attendance: 4927 (98,54%) -- Ticket Income 261 131 $
Level 3 -- Attendance: 1523 (76,15%) -- Ticket Income 50 259 $
Level 4 -- Attendance: 2585 (64,63%) -- Ticket Income 59 455 $
Luxury Box -- Attendance: 804 (80,40%) -- Ticket Income 136 680 $
Game was played at the Duff Garden'
Total Attendance: 14986 (83,26%)
Total Ticket Income: 950 167 $
Other Income: 142 525 $
Total Income: 1 092 692 $
Sénateurs
5 vs 5 Forward
Center Left Wing Right Wing Time % Phy DF OF
1 Daymond Langkow Brenden Morrow Todd Bertuzzi 36 1 2 2
2 Gilbert Brule Andy McDonald Jean-Pierre Dumont 34 1 2 2
3 Andrew Ebbett Darcy Hordichuk B.J. Crombeen 20 1 2 2
4 Vernon Fiddler Andy Hilbert Nikita Alexeev 10 1 2 2
5 vs 5 Defense
Defense Defense Time % Phy DF OF
1 Vitaly Vishnevsky Kurtis Foster 40 1 2 2
2 Dan Hamhuis Carlo Colaiacovo 30 1 2 2
3 Sami Salo Dan Girardi 20 1 2 2
4 Vitaly Vishnevsky Kurtis Foster 10 1 2 2
PowerPlay Forward
Center Left Wing Right Wing Time % Phy DF OF
1 Daymond Langkow Brenden Morrow Todd Bertuzzi 60 1 2 2
2 Gilbert Brule Andy McDonald Jean-Pierre Dumont 40 1 2 2
PowerPlay Defense
Defense Defense Time % Phy DF OF
1 Vitaly Vishnevsky Kurtis Foster 60 1 2 2
2 Dan Hamhuis Carlo Colaiacovo 40 1 2 2
Penalty Kill 4 Players Forward
Center Wing Time % Phy DF OF
1 Brenden Morrow Daymond Langkow 60 1 2 2
2 Andy McDonald Darcy Hordichuk 40 1 2 2
Penalty Kill 4 Players Defense
Defense Defense Time % Phy DF OF
1 Vitaly Vishnevsky Kurtis Foster 60 1 2 2
2 Dan Hamhuis Carlo Colaiacovo 40 1 2 2
Penalty Kill - 3 Players Forward
Forward Time % Phy DF OF
1 Brenden Morrow 60 1 2 2
2 Daymond Langkow 40 1 2 2
Penalty Kill - 3 Players Defense
Defense Defense Time % Phy DF OF
1 Vitaly Vishnevsky Kurtis Foster 60 1 2 2
2 Dan Hamhuis Carlo Colaiacovo 40 1 2 2
4 vs 4 Forward
Center Wing Time % Phy DF OF
1 Brenden Morrow Daymond Langkow 60 1 2 2
2 Andy McDonald Darcy Hordichuk 40 1 2 2
4 vs 4 Defense
Defense Defense Time % Phy DF OF
1 Vitaly Vishnevsky Kurtis Foster 60 1 2 2
2 Dan Hamhuis Carlo Colaiacovo 40 1 2 2
Last Minutes Offensive
Center Left Wing Right Wing Defense Defense
Daymond Langkow Brenden Morrow Todd Bertuzzi Vitaly Vishnevsky Kurtis Foster
Last Minutes Defensive
Center Left Wing Right Wing Defense Defense
Daymond Langkow Brenden Morrow Todd Bertuzzi Vitaly Vishnevsky Kurtis Foster
Goaltenders
Starting : Ondrej Pavelec
Backup : Jeff Deslauriers
Extra Forwards
Normal : Andrew Ebbett, B.J. Crombeen, Andy Hilbert - PP : Andrew Ebbett, B.J. Crombeen - PK : Andy Hilbert
Extra Defensemen
Normal : Sami Salo, Dan Girardi, Dan Hamhuis - PP : Sami Salo - PK : Dan Girardi, Dan Hamhuis
Penalty Shots
Brenden Morrow, Daymond Langkow, Andy McDonald, Darcy Hordichuk, Gilbert Brule
Sabres
5 vs 5 Forward
Center Left Wing Right Wing Time % Phy DF OF
1 Derick Brassard Ryan Hollweg Niclas Bergfors 35 1 1 3
2 Jiri Hudler James Neal Steve Downie 30 1 2 2
3 Viktor Kozlov Antoine Roussel Tomas Kopecky 25 1 3 1
4 Mike Fisher Kyle Calder Todd White 10 1 4 0
5 vs 5 Defense
Defense Defense Time % Phy DF OF
1 Ole-Kristian Tollefsen Nicklas Lidstrom 35 1 3 1
2 Richard Lintner Joni Pitkanen 35 1 3 1
3 Tyler Sloan Michael Kostka 20 1 3 1
4 Ole-Kristian Tollefsen Joni Pitkanen 10 1 2 2
PowerPlay Forward
Center Left Wing Right Wing Time % Phy DF OF
1 Derick Brassard James Neal Niclas Bergfors 60 1 0 4
2 Jiri Hudler Ryan Hollweg Steve Downie 40 3 0 2
PowerPlay Defense
Defense Defense Time % Phy DF OF
1 Ole-Kristian Tollefsen Nicklas Lidstrom 60 1 2 2
2 Michael Kostka Joni Pitkanen 40 1 2 2
Penalty Kill 4 Players Forward
Center Wing Time % Phy DF OF
1 Viktor Kozlov Todd White 60 1 4 0
2 Mike Fisher Steve Downie 40 1 4 0
Penalty Kill 4 Players Defense
Defense Defense Time % Phy DF OF
1 Ole-Kristian Tollefsen Joni Pitkanen 60 1 4 0
2 Tyler Sloan Richard Lintner 40 1 4 0
Penalty Kill - 3 Players Forward
Forward Time % Phy DF OF
1 Viktor Kozlov 60 1 4 0
2 Todd White 40 1 4 0
Penalty Kill - 3 Players Defense
Defense Defense Time % Phy DF OF
1 Ole-Kristian Tollefsen Joni Pitkanen 60 1 4 0
2 Tyler Sloan Richard Lintner 40 1 4 0
4 vs 4 Forward
Center Wing Time % Phy DF OF
1 Derick Brassard Niclas Bergfors 60 1 2 2
2 Viktor Kozlov Steve Downie 40 1 3 1
4 vs 4 Defense
Defense Defense Time % Phy DF OF
1 Ole-Kristian Tollefsen Nicklas Lidstrom 60 1 3 1
2 Michael Kostka Joni Pitkanen 40 1 3 1
Last Minutes Offensive
Center Left Wing Right Wing Defense Defense
Derick Brassard James Neal Niclas Bergfors Ole-Kristian Tollefsen Joni Pitkanen
Last Minutes Defensive
Center Left Wing Right Wing Defense Defense
Viktor Kozlov Todd White Steve Downie Ole-Kristian Tollefsen Joni Pitkanen
Goaltenders
Starting : Evgeni Nabokov
Backup : Michal Neuvirth
Extra Forwards
Normal : Antoine Roussel, James Neal, Viktor Kozlov - PP : Antoine Roussel, Tomas Kopecky - PK : Tomas Kopecky
Extra Defensemen
Normal : Nicklas Lidstrom, Michael Kostka, Tyler Sloan - PP : Richard Lintner - PK : Nicklas Lidstrom, Michael Kostka
Penalty Shots
Nicklas Lidstrom, Niclas Bergfors, Jiri Hudler, James Neal, Ryan Hollweg
% Time on Ice - Sénateurs
Lines # - Real PCT - Wanted PCT - Time Play
Normal Forward
1 - 32% - 36% - 13:11
2 - 35% - 34% - 14:23
3 - 18% - 20% - 7:34
4 - 15% - 10% - 6:14
Normal Defense
1 - 43% - 40% - 17:37
2 - 30% - 30% - 12:36
3 - 23% - 20% - 9:37
4 - 4% - 10% - 1:32
PP Forward
1 - 56% - 60% - 1:25
2 - 44% - 40% - 1:08
PP Defense
1 - 71% - 60% - 1:48
2 - 29% - 40% - 0:45
PK Forward
1 - 79% - 60% - 9:59
2 - 21% - 40% - 2:42
PK Defense
1 - 70% - 60% - 8:49
2 - 30% - 40% - 3:52
PK3 Forward
1 - 86% - 60% - 1:59
2 - 14% - 40% - 0:20
PK3 Defense
1 - 66% - 60% - 1:32
2 - 34% - 40% - 0:47
44 Forward
1 - 80% - 60% - 4:01
2 - 20% - 40% - 0:59
44 Defense
1 - 52% - 60% - 2:37
2 - 48% - 40% - 2:23
Last Minute Offensive - 1:05
Last Minute Defensive - 0:00
Total
Forward - 65:00
Defense - 65:00
|
% Time on Ice - Sabres
Lines # - Real PCT - Wanted PCT - Time Play
Normal Forward
1 - 33% - 35% - 13:32
2 - 29% - 30% - 11:58
3 - 24% - 25% - 9:54
4 - 14% - 10% - 5:57
Normal Defense
1 - 35% - 35% - 14:17
2 - 39% - 35% - 16:14
3 - 18% - 20% - 7:34
4 - 8% - 10% - 3:16
PP Forward
1 - 61% - 60% - 9:10
2 - 39% - 40% - 5:50
PP Defense
1 - 63% - 60% - 9:28
2 - 37% - 40% - 5:32
PK Forward
1 - 70% - 60% - 1:47
2 - 30% - 40% - 0:46
PK Defense
1 - 52% - 60% - 1:19
2 - 48% - 40% - 1:14
PK3 Forward
1 - 0% - 60%
2 - 0% - 40%
PK3 Defense
1 - 0% - 60%
2 - 0% - 40%
44 Forward
1 - 87% - 60% - 4:22
2 - 13% - 40% - 0:38
44 Defense
1 - 34% - 60% - 1:42
2 - 66% - 40% - 3:18
Last Minute Offensive - 0:00
Last Minute Defensive - 1:06
Total
Forward - 65:00
Defense - 65:00
|
Play by Play
1st period
0:01 of 1st period - Daymond Langkow wins face-off versus Derick Brassard in neutral zone.
0:10 of 1st period - Snap shot by Daymond Langkow.
0:10 of 1st period - Shot Misses the Net.
1:04 of 1st period - Wrist shot by Gilbert Brule.
1:04 of 1st period - Stopped by Evgeni Nabokov without a rebound.
1:05 of 1st period - Mike Fisher wins face-off versus Andrew Ebbett in Sabres zone.
1:18 of 1st period - Wrist shot by Mike Fisher.
1:18 of 1st period - Shot Misses the Net.
1:20 of 1st period - Slapshot by Mike Fisher.
1:20 of 1st period - Stopped by Ondrej Pavelec without a rebound.
1:21 of 1st period - Gilbert Brule wins face-off versus Jiri Hudler in Sénateurs zone.
1:26 of 1st period - Slapshot by Dan Girardi.
1:26 of 1st period - Shot Misses the Net.
1:28 of 1st period - Slapshot by Gilbert Brule.
1:28 of 1st period - Shot Blocked by Ole-Kristian Tollefsen.
1:30 of 1st period - Slapshot by Andy McDonald.
1:30 of 1st period - Shot Misses the Net.
1:32 of 1st period - Snap shot by Andy McDonald.
1:32 of 1st period - Shot Misses the Net.
1:34 of 1st period - Slapshot by Dan Girardi.
1:34 of 1st period - Stopped by Evgeni Nabokov with a rebound.
1:36 of 1st period - Wrist shot by Jean-Pierre Dumont.
1:36 of 1st period - Shot Misses the Net.
1:48 of 1st period - Andy Hilbert is hit by Derick Brassard and loses puck.
2:15 of 1st period - Snap shot by Todd Bertuzzi.
2:15 of 1st period - Stopped by Evgeni Nabokov with a rebound.
2:17 of 1st period - Slapshot by Daymond Langkow.
2:17 of 1st period - Stopped by Evgeni Nabokov with a rebound.
2:34 of 1st period - Snap shot by B.J. Crombeen.
2:34 of 1st period - Goal by B.J. Crombeen - Sénateurs : 1 - Sabres : 0.
2:35 of 1st period - Derick Brassard wins face-off versus Gilbert Brule in neutral zone.
3:02 of 1st period - Dan Hamhuis is hit by Nicklas Lidstrom and loses puck.
3:21 of 1st period - Slapshot by Tomas Kopecky.
3:21 of 1st period - Goal by Tomas Kopecky - Sénateurs : 1 - Sabres : 1.
3:22 of 1st period - Derick Brassard wins face-off versus Gilbert Brule in neutral zone.
3:29 of 1st period - Slapshot by Gilbert Brule.
3:29 of 1st period - Stopped by Evgeni Nabokov with a rebound.
3:33 of 1st period - Wrist shot by Gilbert Brule.
3:33 of 1st period - Shot Misses the Net.
3:35 of 1st period - Slapshot by Vitaly Vishnevsky.
3:35 of 1st period - Stopped by Evgeni Nabokov without a rebound.
3:36 of 1st period - Daymond Langkow wins face-off versus Viktor Kozlov in Sabres zone.
4:18 of 1st period - James Neal is hit by Gilbert Brule and loses puck.
5:11 of 1st period - Wrist shot by Steve Downie.
5:11 of 1st period - Shot Misses the Net.
5:13 of 1st period - Backhand shot by Steve Downie.
5:13 of 1st period - Shot Blocked by Carlo Colaiacovo.
5:15 of 1st period - Snap shot by Steve Downie.
5:15 of 1st period - Stopped by Ondrej Pavelec with a rebound.
5:17 of 1st period - Slapshot by Ole-Kristian Tollefsen.
5:17 of 1st period - Stopped by Ondrej Pavelec without a rebound.
5:18 of 1st period - Niclas Bergfors wins face-off versus Daymond Langkow in Sénateurs zone.
5:43 of 1st period - Andrew Ebbett is hit by Antoine Roussel and loses puck.
5:54 of 1st period - Wrist shot by Tomas Kopecky.
5:54 of 1st period - Shot Misses the Net.
5:56 of 1st period - Snap shot by Tomas Kopecky.
5:56 of 1st period - Shot Misses the Net.
6:12 of 1st period - Icing by Kurtis Foster.
6:13 of 1st period - Derick Brassard wins face-off versus Gilbert Brule in Sénateurs zone.
6:42 of 1st period - Antoine Roussel is hit by Todd Bertuzzi and loses puck.
7:07 of 1st period - Off-side.
7:08 of 1st period - Daymond Langkow wins face-off versus Derick Brassard in neutral zone.
7:18 of 1st period - Minor Penalty to Nicklas Lidstrom for Holding.
7:19 of 1st period - Viktor Kozlov wins face-off versus Daymond Langkow in Sabres zone.
7:50 of 1st period - Slapshot by Jean-Pierre Dumont.
7:50 of 1st period - Shot Misses the Net.
7:52 of 1st period - Slapshot by Kurtis Foster.
7:52 of 1st period - Goal by Kurtis Foster - Sénateurs : 2 - Sabres : 1.
7:53 of 1st period - Derick Brassard wins face-off versus Daymond Langkow in neutral zone.
8:04 of 1st period - Snap shot by Brenden Morrow.
8:04 of 1st period - Shot Misses the Net.
8:06 of 1st period - Slapshot by Kurtis Foster.
8:06 of 1st period - Deflect By Brenden Morrow.
8:06 of 1st period - Stopped by Evgeni Nabokov with a rebound.
8:43 of 1st period - Slapshot by Joni Pitkanen.
8:43 of 1st period - Stopped by Ondrej Pavelec without a rebound.
8:44 of 1st period - Daymond Langkow wins face-off versus Jiri Hudler in Sénateurs zone.
8:44 of 1st period - Daymond Langkow is hit by Jiri Hudler.
9:33 of 1st period - Viktor Kozlov is hit by Sami Salo and loses puck.
9:54 of 1st period - Wrist shot by Andy Hilbert.
9:54 of 1st period - Stopped by Evgeni Nabokov without a rebound.
9:55 of 1st period - Derick Brassard wins face-off versus Vernon Fiddler in Sabres zone.
10:01 of 1st period - Minor Penalty to Kurtis Foster for Tripping.
10:02 of 1st period - Derick Brassard wins face-off versus Brenden Morrow in Sénateurs zone.
11:50 of 1st period - Andy McDonald is hit by Antoine Roussel and loses puck.
12:01 of 1st period - Penalty to Kurtis Foster is over, Kurtis Foster is back on ice.
12:22 of 1st period - Minor Penalty to Kyle Calder for High sticking.
12:23 of 1st period - Gilbert Brule wins face-off versus Viktor Kozlov in Sabres zone.
12:25 of 1st period - Slapshot by Jean-Pierre Dumont.
12:25 of 1st period - Shot Misses the Net.
12:57 of 1st period - Wrist shot by Steve Downie.
12:57 of 1st period - Deflect By Mike Fisher.
12:57 of 1st period - Goal by Mike Fisher - Sénateurs : 2 - Sabres : 2.
12:58 of 1st period - Viktor Kozlov wins face-off versus Daymond Langkow in neutral zone.
13:05 of 1st period - Wrist shot by Joni Pitkanen.
13:05 of 1st period - Deflect By Brenden Morrow.
13:05 of 1st period - Stopped by Ondrej Pavelec with a rebound.
13:49 of 1st period - Snap shot by Steve Downie.
13:49 of 1st period - Stopped by Ondrej Pavelec with a rebound.
14:22 of 1st period - Penalty to Kyle Calder is over, Kyle Calder is back on ice.
14:33 of 1st period - Snap shot by Niclas Bergfors.
14:33 of 1st period - Stopped by Ondrej Pavelec with a rebound.
15:05 of 1st period - Wrist shot by Tomas Kopecky.
15:05 of 1st period - Goal by Tomas Kopecky - Sénateurs : 2 - Sabres : 3.
15:06 of 1st period - Gilbert Brule wins face-off versus Derick Brassard in neutral zone.
15:13 of 1st period - Slapshot by Jean-Pierre Dumont.
15:13 of 1st period - Shot Blocked by Derick Brassard.
15:15 of 1st period - Slapshot by Andy McDonald.
15:15 of 1st period - Stopped by Evgeni Nabokov without a rebound.
15:16 of 1st period - Derick Brassard wins face-off versus Gilbert Brule in Sabres zone.
15:27 of 1st period - Snap shot by Derick Brassard.
15:27 of 1st period - Shot Misses the Net.
15:39 of 1st period - Wrist shot by Derick Brassard.
15:39 of 1st period - Stopped by Ondrej Pavelec with a rebound.
16:07 of 1st period - Snap shot by Jean-Pierre Dumont.
16:07 of 1st period - Shot Blocked by Ryan Hollweg.
16:31 of 1st period - Snap shot by Gilbert Brule.
16:31 of 1st period - Shot Misses the Net.
16:33 of 1st period - Slapshot by Vitaly Vishnevsky.
16:33 of 1st period - Shot Blocked by Derick Brassard.
16:35 of 1st period - Slapshot by Jean-Pierre Dumont.
16:35 of 1st period - Shot Blocked by Ole-Kristian Tollefsen.
16:37 of 1st period - Snap shot by Andy McDonald.
16:37 of 1st period - Shot Misses the Net.
16:39 of 1st period - Snap shot by Gilbert Brule.
16:39 of 1st period - Shot Misses the Net.
16:41 of 1st period - Slapshot by Vitaly Vishnevsky.
16:41 of 1st period - Shot Blocked by Niclas Bergfors.
16:43 of 1st period - Wrist shot by Andy McDonald.
16:43 of 1st period - Shot Misses the Net.
16:45 of 1st period - Slapshot by Jean-Pierre Dumont.
16:45 of 1st period - Deflect By Andy McDonald.
16:45 of 1st period - Stopped by Evgeni Nabokov with a rebound.
16:57 of 1st period - Snap shot by Gilbert Brule.
16:57 of 1st period - Stopped by Evgeni Nabokov without a rebound.
16:58 of 1st period - Jiri Hudler wins face-off versus Daymond Langkow in Sabres zone.
17:07 of 1st period - Wrist shot by Steve Downie.
17:07 of 1st period - Shot Blocked by Todd Bertuzzi.
17:25 of 1st period - Joni Pitkanen is hit by B.J. Crombeen and loses puck.
18:22 of 1st period - Minor Penalty to Carlo Colaiacovo for High sticking.
18:23 of 1st period - Jiri Hudler wins face-off versus Brenden Morrow in Sénateurs zone.
Goals for this period are 2 for Sénateurs vs 3 for Sabres.
Shots for this period are 13 for Sénateurs vs 11 for Sabres.
2nd period
0:01 of 2nd period - Derick Brassard wins face-off versus Brenden Morrow in neutral zone.
0:12 of 2nd period - Kurtis Foster is hit by James Neal and loses puck.
0:22 of 2nd period - Penalty to Carlo Colaiacovo is over, Carlo Colaiacovo is back on ice.
0:37 of 2nd period - Off-side.
0:38 of 2nd period - Daymond Langkow wins face-off versus Tomas Kopecky in neutral zone.
1:11 of 2nd period - Snap shot by Andy McDonald.
1:11 of 2nd period - Shot Blocked by Joni Pitkanen.
1:11 of 2nd period - Joni Pitkanen from Sabres is injured at 1:11 of 2nd period (Broken Bone (Left Ankle)).
1:12 of 2nd period - Daymond Langkow wins face-off versus Derick Brassard in Sabres zone.
1:17 of 2nd period - Snap shot by Brenden Morrow.
1:17 of 2nd period - Shot Misses the Net.
1:23 of 2nd period - Slapshot by Nicklas Lidstrom.
1:23 of 2nd period - Shot Hit the Post.
1:25 of 2nd period - Slapshot by Richard Lintner.
1:25 of 2nd period - Stopped by Ondrej Pavelec with a rebound.
1:27 of 2nd period - Slapshot by Richard Lintner.
1:27 of 2nd period - Stopped by Ondrej Pavelec without a rebound.
1:28 of 2nd period - Gilbert Brule wins face-off versus Jiri Hudler in Sénateurs zone.
2:18 of 2nd period - Slapshot by Kyle Calder.
2:18 of 2nd period - Shot Blocked by Kurtis Foster.
2:20 of 2nd period - Slapshot by Todd White.
2:20 of 2nd period - Stopped by Ondrej Pavelec without a rebound.
2:21 of 2nd period - Viktor Kozlov wins face-off versus Gilbert Brule in Sénateurs zone.
2:46 of 2nd period - Nicklas Lidstrom is hit by Carlo Colaiacovo.
2:54 of 2nd period - Carlo Colaiacovo is hit by Ryan Hollweg and loses puck.
2:59 of 2nd period - Wrist shot by Derick Brassard.
2:59 of 2nd period - Deflect By Niclas Bergfors.
2:59 of 2nd period - Shot Misses the Net.
2:59 of 2nd period - Puck is out of play.
3:00 of 2nd period - Jiri Hudler wins face-off versus Daymond Langkow in Sénateurs zone.
4:04 of 2nd period - Andy Hilbert is hit by Todd White and loses puck.
4:50 of 2nd period - Slapshot by Derick Brassard.
4:50 of 2nd period - Stopped by Ondrej Pavelec with a rebound.
4:52 of 2nd period - Snap shot by James Neal.
4:52 of 2nd period - Goal by James Neal - Sénateurs : 2 - Sabres : 4.
4:52 of 2nd period - Jeff Deslauriers enters game.
4:53 of 2nd period - Jiri Hudler wins face-off versus Brenden Morrow in neutral zone.
5:01 of 2nd period - Slapshot by Brenden Morrow.
5:01 of 2nd period - Stopped by Evgeni Nabokov without a rebound.
5:02 of 2nd period - Jiri Hudler wins face-off versus Todd Bertuzzi in Sabres zone.
5:55 of 2nd period - Snap shot by Daymond Langkow.
5:55 of 2nd period - Stopped by Evgeni Nabokov without a rebound.
5:56 of 2nd period - Gilbert Brule wins face-off versus Viktor Kozlov in Sabres zone.
6:33 of 2nd period - Minor Penalty to B.J. Crombeen for Tripping.
6:34 of 2nd period - Derick Brassard wins face-off versus Brenden Morrow in Sénateurs zone.
6:40 of 2nd period - Wrist shot by Niclas Bergfors.
6:40 of 2nd period - Stopped by Jeff Deslauriers with a rebound.
6:48 of 2nd period - Snap shot by Daymond Langkow.
6:48 of 2nd period - Shot Misses the Net.
7:29 of 2nd period - Andy McDonald is hit by Niclas Bergfors and loses puck.
8:33 of 2nd period - Penalty to B.J. Crombeen is over, B.J. Crombeen is back on ice.
8:43 of 2nd period - Snap shot by Jean-Pierre Dumont.
8:43 of 2nd period - Stopped by Evgeni Nabokov without a rebound.
8:44 of 2nd period - Gilbert Brule wins face-off versus Mike Fisher in Sabres zone.
8:51 of 2nd period - Slapshot by Gilbert Brule.
8:51 of 2nd period - Shot Misses the Net.
9:37 of 2nd period - Slapshot by Dan Hamhuis.
9:37 of 2nd period - Shot Misses the Net.
9:57 of 2nd period - Snap shot by Niclas Bergfors.
9:57 of 2nd period - Shot Misses the Net.
9:59 of 2nd period - Snap shot by Richard Lintner.
9:59 of 2nd period - Shot Misses the Net.
10:59 of 2nd period - Kurtis Foster is hit by Richard Lintner and loses puck.
11:40 of 2nd period - Daymond Langkow is hit by Todd White and loses puck.
11:57 of 2nd period - Snap shot by Brenden Morrow.
11:57 of 2nd period - Shot Misses the Net.
11:59 of 2nd period - Slapshot by Vitaly Vishnevsky.
11:59 of 2nd period - Deflect By Todd Bertuzzi.
11:59 of 2nd period - Shot Misses the Net.
11:59 of 2nd period - Puck is out of play.
12:00 of 2nd period - Ryan Hollweg wins face-off versus Gilbert Brule in Sabres zone.
12:46 of 2nd period - Viktor Kozlov is hit by Nikita Alexeev.
13:06 of 2nd period - Snap shot by Dan Girardi.
13:06 of 2nd period - Shot Misses the Net.
13:08 of 2nd period - Snap shot by Gilbert Brule.
13:08 of 2nd period - Shot Misses the Net.
13:10 of 2nd period - Slapshot by Jean-Pierre Dumont.
13:10 of 2nd period - Goal by Jean-Pierre Dumont - Sénateurs : 3 - Sabres : 4.
13:11 of 2nd period - Daymond Langkow wins face-off versus Derick Brassard in neutral zone.
13:15 of 2nd period - Off-side.
13:16 of 2nd period - Derick Brassard wins face-off versus Daymond Langkow in neutral zone.
13:44 of 2nd period - Off-side.
13:45 of 2nd period - Jiri Hudler wins face-off versus Gilbert Brule in neutral zone.
13:54 of 2nd period - Slapshot by James Neal.
13:54 of 2nd period - Deflect By Jiri Hudler.
13:54 of 2nd period - Stopped by Jeff Deslauriers with a rebound.
14:01 of 2nd period - Off-side.
14:02 of 2nd period - Derick Brassard wins face-off versus Daymond Langkow in neutral zone.
14:11 of 2nd period - Wrist shot by Ryan Hollweg.
14:11 of 2nd period - Stopped by Jeff Deslauriers without a rebound.
14:12 of 2nd period - Daymond Langkow wins face-off versus Derick Brassard in Sénateurs zone.
14:21 of 2nd period - Wrist shot by Todd Bertuzzi.
14:21 of 2nd period - Stopped by Evgeni Nabokov without a rebound.
14:22 of 2nd period - Daymond Langkow wins face-off versus Derick Brassard in Sabres zone.
14:23 of 2nd period - Snap shot by Brenden Morrow.
14:23 of 2nd period - Stopped by Evgeni Nabokov without a rebound.
14:24 of 2nd period - Daymond Langkow wins face-off versus Derick Brassard in Sabres zone.
14:31 of 2nd period - Snap shot by Daymond Langkow.
14:31 of 2nd period - Deflect By Niclas Bergfors.
14:31 of 2nd period - Shot Blocked by Ole-Kristian Tollefsen.
14:31 of 2nd period - Puck is out of play.
14:32 of 2nd period - Daymond Langkow wins face-off versus Derick Brassard in Sabres zone.
14:33 of 2nd period - Snap shot by Brenden Morrow.
14:33 of 2nd period - Shot Blocked by Ole-Kristian Tollefsen.
14:35 of 2nd period - Snap shot by Todd Bertuzzi.
14:35 of 2nd period - Deflect By Daymond Langkow.
14:35 of 2nd period - Shot Blocked by Ryan Hollweg.
14:35 of 2nd period - Puck is out of play.
14:36 of 2nd period - Daymond Langkow wins face-off versus Derick Brassard in Sabres zone.
14:45 of 2nd period - Snap shot by Brenden Morrow.
14:45 of 2nd period - Shot Misses the Net.
14:47 of 2nd period - Slapshot by Dan Hamhuis.
14:47 of 2nd period - Stopped by Evgeni Nabokov with a rebound.
15:12 of 2nd period - Wrist shot by Steve Downie.
15:12 of 2nd period - Shot Blocked by Kurtis Foster.
15:14 of 2nd period - Snap shot by Jiri Hudler.
15:14 of 2nd period - Shot Misses the Net.
15:16 of 2nd period - Snap shot by Jiri Hudler.
15:16 of 2nd period - Shot Misses the Net.
15:40 of 2nd period - Vitaly Vishnevsky is hit by Mike Fisher and loses puck.
16:17 of 2nd period - Richard Lintner is hit by Todd Bertuzzi and loses puck.
16:40 of 2nd period - Wrist shot by Derick Brassard.
16:40 of 2nd period - Stopped by Jeff Deslauriers without a rebound.
16:41 of 2nd period - Viktor Kozlov wins face-off versus Daymond Langkow in Sénateurs zone.
16:46 of 2nd period - Snap shot by Tomas Kopecky.
16:46 of 2nd period - Shot Blocked by Kurtis Foster.
16:48 of 2nd period - Wrist shot by Antoine Roussel.
16:48 of 2nd period - Deflect By Tomas Kopecky.
16:48 of 2nd period - Stopped by Jeff Deslauriers without a rebound.
16:49 of 2nd period - Daymond Langkow wins face-off versus Viktor Kozlov in Sénateurs zone.
16:49 of 2nd period - Daymond Langkow is hit by Antoine Roussel.
17:19 of 2nd period - Slapshot by Tomas Kopecky.
17:19 of 2nd period - Stopped by Jeff Deslauriers without a rebound.
17:20 of 2nd period - Derick Brassard wins face-off versus Gilbert Brule in Sénateurs zone.
17:32 of 2nd period - Minor Penalty to Dan Hamhuis for Hooking.
17:33 of 2nd period - Derick Brassard wins face-off versus Brenden Morrow in Sénateurs zone.
19:32 of 2nd period - Penalty to Dan Hamhuis is over, Dan Hamhuis is back on ice.
19:39 of 2nd period - Darcy Hordichuk is hit by Tomas Kopecky and loses puck.
19:56 of 2nd period - Minor Penalty to B.J. Crombeen for Tripping.
19:57 of 2nd period - Derick Brassard wins face-off versus Brenden Morrow in Sénateurs zone.
Goals for this period are 1 for Sénateurs vs 1 for Sabres.
Shots for this period are 7 for Sénateurs vs 11 for Sabres.
3rd period
0:01 of 3rd period - Derick Brassard wins face-off versus Brenden Morrow in neutral zone.
0:04 of 3rd period - Snap shot by Ole-Kristian Tollefsen.
0:04 of 3rd period - Deflect By Niclas Bergfors.
0:04 of 3rd period - Stopped by Jeff Deslauriers without a rebound.
0:05 of 3rd period - Derick Brassard wins face-off versus Brenden Morrow in Sénateurs zone.
0:18 of 3rd period - Wrist shot by Derick Brassard.
0:18 of 3rd period - Stopped by Jeff Deslauriers without a rebound.
0:19 of 3rd period - Brenden Morrow wins face-off versus Derick Brassard in Sénateurs zone.
0:21 of 3rd period - Minor Penalty to Kurtis Foster for Charging.
0:22 of 3rd period - Derick Brassard wins face-off versus Brenden Morrow in Sénateurs zone.
0:58 of 3rd period - Wrist shot by Steve Downie.
0:58 of 3rd period - Shot Blocked by Dan Girardi.
1:54 of 3rd period - Wrist shot by Daymond Langkow.
1:54 of 3rd period - Goal by Daymond Langkow - Sénateurs : 4 - Sabres : 4.
1:55 of 3rd period - Jiri Hudler wins face-off versus Brenden Morrow in neutral zone.
1:56 of 3rd period - Penalty to B.J. Crombeen is over, B.J. Crombeen is back on ice.
2:06 of 3rd period - Snap shot by B.J. Crombeen.
2:06 of 3rd period - Shot Misses the Net.
2:21 of 3rd period - Penalty to Kurtis Foster is over, Kurtis Foster is back on ice.
3:13 of 3rd period - Slapshot by Richard Lintner.
3:13 of 3rd period - Stopped by Jeff Deslauriers without a rebound.
3:14 of 3rd period - Daymond Langkow wins face-off versus Jiri Hudler in Sénateurs zone.
3:25 of 3rd period - Snap shot by Daymond Langkow.
3:25 of 3rd period - Deflect By Todd Bertuzzi.
3:25 of 3rd period - Shot Misses the Net.
3:25 of 3rd period - Puck is out of play.
3:26 of 3rd period - Jiri Hudler wins face-off versus Gilbert Brule in Sabres zone.
3:33 of 3rd period - Slapshot by Jiri Hudler.
3:33 of 3rd period - Shot Misses the Net.
3:35 of 3rd period - Wrist shot by Ole-Kristian Tollefsen.
3:35 of 3rd period - Deflect By Jiri Hudler.
3:35 of 3rd period - Shot Blocked by Kurtis Foster.
3:35 of 3rd period - Puck is out of play.
3:36 of 3rd period - Gilbert Brule wins face-off versus Jiri Hudler in Sénateurs zone.
3:43 of 3rd period - Backhand shot by Gilbert Brule.
3:43 of 3rd period - Shot Blocked by Jiri Hudler.
3:54 of 3rd period - Slapshot by Kurtis Foster.
3:54 of 3rd period - Shot Blocked by Nicklas Lidstrom.
5:07 of 3rd period - Gilbert Brule is hit by Nicklas Lidstrom and loses puck.
5:32 of 3rd period - Wrist shot by James Neal.
5:32 of 3rd period - Deflect By Jiri Hudler.
5:32 of 3rd period - Shot Misses the Net.
5:32 of 3rd period - Puck is out of play.
5:33 of 3rd period - Niclas Bergfors wins face-off versus Daymond Langkow in Sénateurs zone.
5:40 of 3rd period - Snap shot by Ryan Hollweg.
5:40 of 3rd period - Shot Misses the Net.
5:58 of 3rd period - Backhand shot by Nikita Alexeev.
5:58 of 3rd period - Stopped by Evgeni Nabokov without a rebound.
5:59 of 3rd period - Viktor Kozlov wins face-off versus Vernon Fiddler in Sabres zone.
6:08 of 3rd period - Wrist shot by Andy Hilbert.
6:08 of 3rd period - Shot Blocked by Richard Lintner.
6:43 of 3rd period - Minor Penalty to B.J. Crombeen for Tripping.
6:44 of 3rd period - Brenden Morrow wins face-off versus Derick Brassard in Sénateurs zone.
6:49 of 3rd period - Icing by Ole-Kristian Tollefsen.
6:50 of 3rd period - Derick Brassard wins face-off versus Brenden Morrow in Sabres zone.
8:43 of 3rd period - Penalty to B.J. Crombeen is over, B.J. Crombeen is back on ice.
8:43 of 3rd period - Ole-Kristian Tollefsen is hit by Dan Hamhuis and loses puck.
8:48 of 3rd period - Snap shot by B.J. Crombeen.
8:48 of 3rd period - Shot Misses the Net.
8:52 of 3rd period - Snap shot by Dan Hamhuis.
8:52 of 3rd period - Deflect By Ole-Kristian Tollefsen.
8:52 of 3rd period - Stopped by Evgeni Nabokov with a rebound.
9:00 of 3rd period - Snap shot by B.J. Crombeen.
9:00 of 3rd period - Shot Blocked by Niclas Bergfors.
9:02 of 3rd period - Snap shot by B.J. Crombeen.
9:02 of 3rd period - Shot Misses the Net.
9:04 of 3rd period - Wrist shot by B.J. Crombeen.
9:04 of 3rd period - Stopped by Evgeni Nabokov with a rebound.
9:06 of 3rd period - Snap shot by Darcy Hordichuk.
9:06 of 3rd period - Deflect By B.J. Crombeen.
9:06 of 3rd period - Stopped by Evgeni Nabokov with a rebound.
9:08 of 3rd period - Backhand shot by Dan Hamhuis.
9:08 of 3rd period - Stopped by Evgeni Nabokov without a rebound.
9:09 of 3rd period - Mike Fisher wins face-off versus Vernon Fiddler in Sabres zone.
9:09 of 3rd period - Mike Fisher is hit by Andy Hilbert.
9:17 of 3rd period - Wrist shot by Kyle Calder.
9:17 of 3rd period - Shot Blocked by Vernon Fiddler.
9:19 of 3rd period - Snap shot by Todd White.
9:19 of 3rd period - Deflect By Mike Fisher.
9:19 of 3rd period - Stopped by Jeff Deslauriers with a rebound.
9:21 of 3rd period - Slapshot by Ole-Kristian Tollefsen.
9:21 of 3rd period - Stopped by Jeff Deslauriers with a rebound.
9:23 of 3rd period - Wrist shot by Mike Fisher.
9:23 of 3rd period - Stopped by Jeff Deslauriers with a rebound.
9:35 of 3rd period - Tyler Sloan is hit by Dan Girardi and loses puck.
9:56 of 3rd period - Slapshot by Jiri Hudler.
9:56 of 3rd period - Shot Blocked by Vitaly Vishnevsky.
10:15 of 3rd period - Wrist shot by Mike Fisher.
10:15 of 3rd period - Goal by Mike Fisher - Sénateurs : 4 - Sabres : 5.
10:16 of 3rd period - Derick Brassard wins face-off versus Gilbert Brule in neutral zone.
10:41 of 3rd period - James Neal is hit by B.J. Crombeen and loses puck.
11:34 of 3rd period - Slapshot by Nikita Alexeev.
11:34 of 3rd period - Stopped by Evgeni Nabokov with a rebound.
11:44 of 3rd period - Ryan Hollweg is hit by Jean-Pierre Dumont and loses puck.
12:03 of 3rd period - Slapshot by Daymond Langkow.
12:03 of 3rd period - Shot Misses the Net.
12:11 of 3rd period - Snap shot by Derick Brassard.
12:11 of 3rd period - Stopped by Jeff Deslauriers with a rebound.
12:13 of 3rd period - Slapshot by Niclas Bergfors.
12:13 of 3rd period - Shot Blocked by Sami Salo.
12:15 of 3rd period - Slapshot by Michael Kostka.
12:15 of 3rd period - Stopped by Jeff Deslauriers with a rebound.
12:17 of 3rd period - Slapshot by Richard Lintner.
12:17 of 3rd period - Shot Blocked by Todd Bertuzzi.
12:19 of 3rd period - Slapshot by Ryan Hollweg.
12:19 of 3rd period - Shot Misses the Net.
12:33 of 3rd period - Snap shot by Niclas Bergfors.
12:33 of 3rd period - Stopped by Jeff Deslauriers without a rebound.
12:34 of 3rd period - Gilbert Brule wins face-off versus Jiri Hudler in Sénateurs zone.
12:44 of 3rd period - Minor Penalty to Jean-Pierre Dumont for Hooking.
12:45 of 3rd period - Jiri Hudler wins face-off versus Brenden Morrow in Sénateurs zone.
13:14 of 3rd period - Icing by Nicklas Lidstrom.
13:15 of 3rd period - Jiri Hudler wins face-off versus Andy McDonald in Sabres zone.
13:20 of 3rd period - Slapshot by Darcy Hordichuk.
13:20 of 3rd period - Goal by Darcy Hordichuk - Sénateurs : 5 - Sabres : 5.
13:21 of 3rd period - Brenden Morrow wins face-off versus Derick Brassard in neutral zone.
13:36 of 3rd period - Slapshot by Kurtis Foster.
13:36 of 3rd period - Deflect By Brenden Morrow.
13:36 of 3rd period - Stopped by Evgeni Nabokov without a rebound.
13:37 of 3rd period - Brenden Morrow wins face-off versus Derick Brassard in Sabres zone.
13:52 of 3rd period - Snap shot by Niclas Bergfors.
13:52 of 3rd period - Shot Misses the Net.
13:58 of 3rd period - Minor Penalty to Kurtis Foster for Hooking.
13:59 of 3rd period - Niclas Bergfors wins face-off versus Brenden Morrow in Sénateurs zone.
14:14 of 3rd period - Wrist shot by Niclas Bergfors.
14:14 of 3rd period - Deflect By James Neal.
14:14 of 3rd period - Shot Blocked by Dan Girardi.
14:14 of 3rd period - Puck is out of play.
14:15 of 3rd period - Brenden Morrow wins face-off versus Derick Brassard in Sénateurs zone.
14:26 of 3rd period - Snap shot by Ole-Kristian Tollefsen.
14:26 of 3rd period - Shot Hit the Post.
14:38 of 3rd period - Dan Girardi is hit by Nicklas Lidstrom and loses puck.
14:44 of 3rd period - Penalty to Jean-Pierre Dumont is over, Jean-Pierre Dumont is back on ice.
15:03 of 3rd period - Slapshot by Niclas Bergfors.
15:03 of 3rd period - Stopped by Jeff Deslauriers with a rebound.
15:05 of 3rd period - Snap shot by Nicklas Lidstrom.
15:05 of 3rd period - Shot Blocked by Jean-Pierre Dumont.
15:09 of 3rd period - Snap shot by Derick Brassard.
15:09 of 3rd period - Shot Blocked by Vitaly Vishnevsky.
15:11 of 3rd period - Wrist shot by Derick Brassard.
15:11 of 3rd period - Shot Blocked by Dan Girardi.
15:23 of 3rd period - Snap shot by Niclas Bergfors.
15:23 of 3rd period - Shot Blocked by Dan Girardi.
15:25 of 3rd period - Snap shot by Ole-Kristian Tollefsen.
15:25 of 3rd period - Goal by Ole-Kristian Tollefsen - Sénateurs : 5 - Sabres : 6.
15:26 of 3rd period - Viktor Kozlov wins face-off versus Andrew Ebbett in neutral zone.
15:29 of 3rd period - Snap shot by Antoine Roussel.
15:29 of 3rd period - Shot Blocked by Carlo Colaiacovo.
15:31 of 3rd period - Wrist shot by Antoine Roussel.
15:31 of 3rd period - Shot Misses the Net.
15:33 of 3rd period - Slapshot by Tyler Sloan.
15:33 of 3rd period - Shot Misses the Net.
15:39 of 3rd period - Wrist shot by Viktor Kozlov.
15:39 of 3rd period - Stopped by Jeff Deslauriers with a rebound.
15:41 of 3rd period - Slapshot by Michael Kostka.
15:41 of 3rd period - Deflect By Viktor Kozlov.
15:41 of 3rd period - Shot Misses the Net.
15:41 of 3rd period - Puck is out of play.
15:42 of 3rd period - Gilbert Brule wins face-off versus Mike Fisher in Sénateurs zone.
15:46 of 3rd period - Off-side.
15:47 of 3rd period - Mike Fisher wins face-off versus Gilbert Brule in neutral zone.
16:00 of 3rd period - Wrist shot by Andy McDonald.
16:00 of 3rd period - Stopped by Evgeni Nabokov with a rebound.
16:02 of 3rd period - Slapshot by Dan Hamhuis.
16:02 of 3rd period - Stopped by Evgeni Nabokov with a rebound.
16:12 of 3rd period - Snap shot by Daymond Langkow.
16:12 of 3rd period - Stopped by Evgeni Nabokov with a rebound.
16:43 of 3rd period - Snap shot by Antoine Roussel.
16:43 of 3rd period - Deflect By Kurtis Foster.
16:43 of 3rd period - Stopped by Jeff Deslauriers with a rebound.
16:45 of 3rd period - Wrist shot by Viktor Kozlov.
16:45 of 3rd period - Stopped by Jeff Deslauriers with a rebound.
16:47 of 3rd period - Wrist shot by Viktor Kozlov.
16:47 of 3rd period - Stopped by Jeff Deslauriers with a rebound.
17:41 of 3rd period - Snap shot by Brenden Morrow.
17:41 of 3rd period - Shot Misses the Net.
18:09 of 3rd period - Snap shot by B.J. Crombeen.
18:09 of 3rd period - Stopped by Evgeni Nabokov with a rebound.
18:57 of 3rd period - Icing by Carlo Colaiacovo.
18:58 of 3rd period - Viktor Kozlov wins face-off versus Daymond Langkow in Sénateurs zone.
19:05 of 3rd period - Steve Downie is hit by Carlo Colaiacovo and loses puck.
19:08 of 3rd period - Sénateurs, Jeff Deslauriers is pulled from the net.
19:16 of 3rd period - Wrist shot by Daymond Langkow.
19:16 of 3rd period - Deflect By Todd White.
19:16 of 3rd period - Stopped by Evgeni Nabokov without a rebound.
19:17 of 3rd period - Larry Robinson call a timeout for Sénateurs.
19:17 of 3rd period - Viktor Kozlov wins face-off versus Brenden Morrow in Sabres zone.
19:50 of 3rd period - Snap shot by Brenden Morrow.
19:50 of 3rd period - Stopped by Evgeni Nabokov with a rebound.
19:52 of 3rd period - Slapshot by Dan Hamhuis.
19:52 of 3rd period - Deflect By Brenden Morrow.
19:52 of 3rd period - Stopped by Evgeni Nabokov with a rebound.
19:54 of 3rd period - Wrist shot by Todd Bertuzzi.
19:54 of 3rd period - Sénateurs goal is going for a video replay.
19:54 of 3rd period - The goal is good.
19:54 of 3rd period - Goal by Todd Bertuzzi - Sénateurs : 6 - Sabres : 6.
19:54 of 3rd period - Jeff Deslauriers from Sénateurs was sent back in the game.
19:55 of 3rd period - Andrew Ebbett wins face-off versus Steve Downie in neutral zone.
Goals for this period are 3 for Sénateurs vs 2 for Sabres.
Shots for this period are 17 for Sénateurs vs 16 for Sabres.
Overtime #1
0:01 of 1st overtime period - Brenden Morrow wins face-off versus Derick Brassard in neutral zone.
0:43 of 1st overtime period - Slapshot by Antoine Roussel.
0:43 of 1st overtime period - Stopped by Jeff Deslauriers without a rebound.
0:44 of 1st overtime period - Andrew Ebbett wins face-off versus Antoine Roussel in Sénateurs zone.
2:08 of 1st overtime period - Nicklas Lidstrom is hit by Darcy Hordichuk and loses puck.
2:17 of 1st overtime period - Darcy Hordichuk is hit by Viktor Kozlov and loses puck.
2:28 of 1st overtime period - Derick Brassard is hit by Vitaly Vishnevsky and loses puck.
2:45 of 1st overtime period - Andy Hilbert is hit by Antoine Roussel.
3:24 of 1st overtime period - Snap shot by Jiri Hudler.
3:24 of 1st overtime period - Shot Misses the Net.
4:16 of 1st overtime period - Icing by Michael Kostka.
4:17 of 1st overtime period - Jiri Hudler wins face-off versus Andrew Ebbett in Sabres zone.
4:21 of 1st overtime period - Off-side.
4:22 of 1st overtime period - Jiri Hudler wins face-off versus Brenden Morrow in neutral zone.
4:29 of 1st overtime period - Wrist shot by James Neal.
4:29 of 1st overtime period - Deflect By Dan Hamhuis.
4:29 of 1st overtime period - Stopped by Jeff Deslauriers without a rebound.
4:30 of 1st overtime period - Brenden Morrow wins face-off versus Derick Brassard in Sénateurs zone.
Goals for this period are 0 for Sénateurs vs 0 for Sabres.
Shots for this period are 0 for Sénateurs vs 2 for Sabres.
ShootOut
5:00 of 1st overtime period - Penalty Shot by Brenden Morrow for Sénateurs.
5:00 of 1st overtime period - Deke by Brenden Morrow.
5:00 of 1st overtime period - Stopped by Evgeni Nabokov.
5:00 of 1st overtime period - Penalty Shot by Nicklas Lidstrom for Sabres.
5:00 of 1st overtime period - Deke by Nicklas Lidstrom.
5:00 of 1st overtime period - Shot Misses the Net.
5:00 of 1st overtime period - Penalty Shot by Daymond Langkow for Sénateurs.
5:00 of 1st overtime period - Wrist shot by Daymond Langkow.
5:00 of 1st overtime period - Stopped by Evgeni Nabokov.
5:00 of 1st overtime period - Penalty Shot by Niclas Bergfors for Sabres.
5:00 of 1st overtime period - Backhand shot by Niclas Bergfors.
5:00 of 1st overtime period - Goal by Niclas Bergfors.
5:00 of 1st overtime period - Penalty Shot by Andy McDonald for Sénateurs.
5:00 of 1st overtime period - Snap shot by Andy McDonald.
5:00 of 1st overtime period - Stopped by Evgeni Nabokov.
Output by the SimonT Hockey Simulator (STHS) for François Prévost -- Original Page W3C XHTML 1.0 Valid